 Dungeon Crawl Stone Soup version 0.17-a0-1373-g64d4c99 (webtiles) character file.

58 Kidiri the Sneak (level 4, -4/24 HPs)
             Began as a Kobold Enchanter on June 13, 2015.
             Slain by Grinder (6 damage)
             ... while paralysed by Grinder
             ... on level 3 of the Dungeon.
             The game lasted 00:10:45 (1484 turns).

Kidiri the Sneak (Kobold Enchanter)                 Turns: 1484, Time: 00:10:45

Health: -4/24      AC:  3    Str:  6    XL:     4   Next: 21%
Magic:  5/7        EV:  3    Int: 14    God:
Gold:   106        SH:  0    Dex: 16    Spells: 3 memorised, 1 level left

rFire  . . .     SeeInvis .     a - +1 dagger
rCold  . . .     Clarity  .     b - +1 robe
rNeg   . . .     SustAt   .     (shield restricted)
rPois  .         Gourm    .     (no helmet)
rElec  .         Spirit   .     (no cloak)
rCorr  .         Warding  .     (no gloves)
rMut   .         Stasis   .     (no boots)
MR     .....                    (no amulet)
Stlth  +++.......               (no ring)
                                (no ring)

@: paralysed, not resistant to hostile enchantments, fairly stealthy
A: carnivore 3
a: no special abilities


You were on level 3 of the Dungeon.
You were completely stuffed.

You visited 1 branch of the dungeon, and saw 3 of its levels.

You collected 106 gold pieces.

Inventory:

Hand weapons
 a - a +1 dagger (weapon)
Armour
 b - a +1 robe (worn)
Scrolls
 f - 2 scrolls of remove curse {unknown}
 k - a scroll of teleportation {unknown}
 m - a scroll of enchant weapon {unknown}
 n - a scroll of fog {unknown}
 o - 2 scrolls of random uselessness {unknown}
 p - a scroll of magic mapping {unknown}
 q - a scroll of fear {unknown}
Potions
 e - a potion of agility
 h - a potion of might
 j - 2 potions of heal wounds
Books
 c - a book of Maledictions

   Spells                             Type                      Level
   a - Corona                         Hexes                        1
   b - Ensorcelled Hibernation        Hexes/Ice                    2
   c - Confuse                        Hexes                        3
   d - Tukima's Dance                 Hexes                        3
   e - Dazzling Spray                 Conjuration/Hexes            3
Comestibles
 d - a meat ration
 g - a royal jelly
 i - 4 chunks of flesh


   Skills:
 + Level 0.9 Fighting
 * Level 2.1 Short Blades
 + Level 0.4 Armour
 + Level 3.0 Dodging
 * Level 4.5 Stealth
 * Level 2.3 Spellcasting
 + Level 3.1 Hexes
 + Level 1.0 Ice Magic


You had one spell level left.
You knew the following spells:

 Your Spells              Type           Power        Failure   Level  Hunger
a - Corona                Hex            ##.....      10%         1    #......
b - Ensorcelled Hibernat  Hex/Ice        #.....       17%         2    ###....
c - Confuse               Hex            ##......     21%         3    ###....


Dungeon Overview and Level Annotations

Branches:
Dungeon (3/15)

Altars:
Nemelex Xobeh
Trog

Annotations:
D:3 Grinder


Innate Abilities, Weirdness & Mutations

You are small and have problems with some larger weapons.
You are carnivorous and can eat meat at any time.


Message History

Grinder resists with some effort.
Grinder hits you!
You writhe in agony.
You closely miss Grinder.
Grinder says, "There's only one good use for a tongue: cutting it out."
Grinder gestures.
Grinder blinks!
Unknown command.
Grinder gestures at you. Pain shoots through your body!
* * * LOW HITPOINT WARNING * * *
An orc priest comes into view.
Grinder gestures at you.
You suddenly lose the ability to move!
The rat bites you but does no damage. Grinder gestures at you.
You resist with significant effort. The rat bites you.
* * * LOW HITPOINT WARNING * * *
Grinder hits you.
* * * LOW HITPOINT WARNING * * *
You writhe in agony.
You die...

###....#
#....# #....#
#.#### #.#
########.#
#.......^#
#.......>#
#(.....@##
#.....5r##
#........####
#.............
#.......#####o
#####.###
#...# #...#
#...(>


You could see Grinder and a rat.

Vanquished Creatures
  2 adders (D:2)
  3 worms (D:2)
  3 orcs (D:3)
  5 goblins
  4 hobgoblins
  2 quokkas (D:2)
  3 bats
  A giant cockroach (D:1)
  3 giant newts
  5 kobolds
  A rat (D:2)
32 creatures vanquished.

Notes
Turn   | Place    | Note
--------------------------------------------------------------
     0 | D:1      | Kidiri the Kobold Enchanter began the quest for the Orb.
     0 | D:1      | Reached XP level 1. HP: 10/10 MP: 3/3
   365 | D:1      | Reached XP level 2. HP: 15/15 MP: 5/5
   369 | D:1      | Learned a level 2 spell: Ensorcelled Hibernation
   393 | D:1      | Found a sparkling altar of Nemelex Xobeh.
   581 | D:2      | Reached XP level 3. HP: 17/19 MP: 6/6
   586 | D:2      | Learned a level 3 spell: Confuse
   828 | D:2      | Found a faded altar to an unknown god.
   844 | D:2      | Reached skill level 1 in Ice Magic
   894 | D:2      | Found a bloodstained altar of Trog.
   980 | D:2      | Reached XP level 4. HP: 24/24 MP: 0/7
  1459 | D:3      | Noticed Grinder
  1481 | D:3      | Paralysed by Grinder for 5 turns
  1484 | D:3      | Slain by Grinder

Vault maps used:
D:1:      scummos_arrival_simple_fountains, kennysheep_crisscross,
          minmay_stone_trees_large, nemelex_altar_shiori
D:2:      bloody_trog, first_bread, ecumenical_altar_2
D:3:      nicolae_overflow_hidden_temple, uniq_terence, uniq_grinder

Action                   |  1- 3 |  4- 6 || total
-------------------------+-------+-------++-------
Melee: Dagger            |    58 |    25 ||    83
 Cast: Ensorcelled Hiber |     6 |     4 ||    10
       Corona            |     1 |       ||     1
       Confuse           |       |     1 ||     1
  Use: Scroll            |       |     5 ||     5
 Stab: Sleeping          |    14 |     4 ||    18
  Eat: Chunk             |     9 |     2 ||    11
